 Dungeon Crawl Stone Soup version 0.21.0-24-g2553a3340b (webtiles) character file.

242 Nivus the Shield-Bearer (level 5, 0/46 HPs)
             Began as a Minotaur Fighter on Jan 21, 2018.
             Was an Initiate of Fedhas.
             Slain by an ogre
             ... wielding a +0 giant club
              (16 damage)
             ... on level 4 of the Dungeon.
             The game lasted 00:20:22 (3005 turns).

Nivus the Shield-Bearer (Minotaur Fighter)          Turns: 3005, Time: 00:20:23

Health: 0/46       AC: 10    Str: 28    XL:     5   Next: 81%
Magic:  4/4        EV:  7    Int:  5    God:    Fedhas [......]
Gold:   196        SH: 10    Dex:  9    Spells: 4/4 levels left

rFire    . . .     SeeInvis .   Y - +2 short sword (venom)
rCold    . . .     Gourm    .   c - +0 shield
rNeg     . . .     Faith    .   R - +0 chain mail
rPois    .         Spirit   .   (helmet restricted)
rElec    .         Reflect  .   P - +0 cloak
rCorr    +         Harm     .   (no gloves)
MR       .....                  (no boots)
Stlth    ..........             (no amulet)
HPRegen  0.15/turn              B - ring of resist corrosion
MPRegen  0.09/turn              h - +6 ring of strength

@: no status effects
A: retaliatory headbutt, horns 2
a: Fungal Bloom, Renounce Religion


You were on level 4 of the Dungeon.
You worshipped Fedhas.
Fedhas was noncommittal.
You were not hungry.

You visited 1 branch of the dungeon, and saw 5 of its levels.

You collected 196 gold pieces.

Inventory:

Hand Weapons
 a - a +0 war axe
 e - a +0 war axe
 i - a +0 dagger
 l - a +0 hand axe
 m - a +2 antimagic whip
 n - a +0 vampiric whip
 o - a +0 dagger
 s - a +0 dagger
 t - a +0 short sword
 v - a +0 dagger
 x - a +0 short sword
 y - a +0 dagger of draining
 A - a cursed +0 club
 C - a +0 war axe
 I - a +0 dagger
 J - the +0 dagger of the Lesser Evil {speed, MR+, unknown}
   (You found it on level 4 of the Dungeon)

   Attacks with this weapon are significantly faster.
   It affects your resistance to hostile enchantments.
 K - a +0 short sword
 L - a +0 hand axe
 N - a +0 hand axe
 Q - a +0 whip
 V - a +0 dagger
 Y - a +2 short sword of venom (weapon)
Missiles
 r - 40 stones (quivered)
 E - 21 arrows
Armour
 b - a +0 scale mail
 c - a +0 shield (worn)
 q - a +0 animal skin
 w - a +0 helmet
 D - a +0 leather armour
 F - a +0 leather armour
 G - a +0 ring mail
 P - a +0 cloak (worn)
 R - a +0 chain mail (worn)
 U - a +0 leather armour
 Z - a +0 robe
Jewellery
 h - a +6 ring of strength (right hand)
 B - a ring of resist corrosion (left hand)
Scrolls
 j - a scroll of noise {unknown}
 k - a scroll of immolation {unknown}
 p - 2 scrolls of fog {unknown}
 u - 8 scrolls of remove curse {unknown}
 H - 4 scrolls of teleportation {unknown}
 M - a scroll of amnesia {unknown}
 T - a scroll of identify {unknown}
Potions
 d - a potion of might
 g - 3 potions of curing {unknown}
 z - a potion of lignification {unknown}
 S - a potion of heal wounds {unknown}
Books
 W - a book of Callings

   Spells                             Type                      Level
   a - Summon Small Mammal            Summoning                    1
   b - Call Imp                       Summoning                    2
   c - Call Canine Familiar           Summoning                    3
   d - Summon Guardian Golem          Hexes/Summoning              3
   e - Summon Lightning Spire         Summoning/Air                4
   f - Summon Ice Beast               Ice/Summoning                4
Comestibles
 f - 6 rations


   Skills:
 + Level 4.1 Fighting
 + Level 4.6 Axes
 + Level 4.8 Armour
 + Level 1.0 Dodging
 + Level 5.4 Shields


You had 4 spell levels left.
You didn't know any spells.

Dungeon Overview and Level Annotations

Branches:
Dungeon (5/15)
 Temple: D:4-7

Altars:
Ashenzari
Dithmenos
Elyvilon
Fedhas
Gozag
Nemelex Xobeh
Zin


Innate Abilities, Weirdness & Mutations

You reflexively headbutt those who attack you in melee.
You have a pair of horns on your head.


Message History

J - a jewelled dagger The ogre hits you with a giant club!
The ogre hits you with a giant club! You block the ogre's attack.
You found a teleport trap!
You see here a hound skeleton.
The ogre hits you with a giant club!!
There is an open door here.
There is a stone staircase leading down here.
You can't go up here!
You block the ogre's attack.
You climb downwards.
Fedhas's fungi set to work.
Fedhas appreciates ongoing decay. x6
There is a stone staircase leading up here.
You climb upwards.
There is a stone staircase leading down here.
The ogre barely misses you. The ogre hits you with a giant club!
You die...
Fedhas appreciates your contribution to the ecosystem.

#.......#####.##..............#
#..............#..............#
.......>##...#.##'####........#
........##...#..#.# #........#
........##...##.#.# #........#
........#.........# #........#
........#....##...# #........#
........#....###..# #........#
........#....# #@O# #........#
#'#######....# #.># #........#
#.# #.#### #### #........#
#.#### #.# #........# #....#
#.#### ########## ####.# #....#
#.#######.# #.......#.#
#######.#.#


You could see an ogre.

Vanquished Creatures
  A hound (D:4)
  Robin (D:4)
  10 adders
  2 worms
  2 dart slugs (D:1)
  2 leopard geckos (D:2)
  3 orcs
  9 bats
  4 giant cockroaches
  17 goblins
  14 hobgoblins
  2 jackals (D:4)
  7 kobolds
  7 quokkas
  2 frilled lizards
  10 rats
  15 plants (D:3)
108 creatures vanquished.

Vanquished Creatures (others)
  A plant (D:3)
1 creature vanquished.

Grand Total: 109 creatures vanquished

Notes
Turn   | Place    | Note
-------+----------+-------------------------------------------
     0 | D:1      | Nivus the Minotaur Fighter began the quest for the Orb.
     0 | D:1      | Reached XP level 1. HP: 19/19 MP: 0/0
   200 | D:1      | Reached XP level 2. HP: 22/27 MP: 1/1
   233 | D:1      | Reached skill level 4 in Shields
   802 | D:2      | Found a white marble altar of Elyvilon.
   819 | D:2      | Reached XP level 3. HP: 18/33 MP: 2/2
  1116 | D:2      | Reached XP level 4. HP: 38/40 MP: 3/3
  1414 | D:2      | Reached skill level 5 in Shields
  1651 | D:3      | Found an opulent altar of Gozag.
  1698 | D:3      | Reached XP level 5. HP: 46/46 MP: 4/4
  1948 | D:3      | Found a glowing silver altar of Zin.
  2105 | D:3      | Found a blossoming altar of Fedhas.
  2185 | D:3      | Became a worshipper of Fedhas Madash
  2382 | D:3      | Found a shadowy altar of Dithmenos.
  2396 | D:3      | Found a sparkling altar of Nemelex Xobeh.
  2405 | D:3      | Found a white marble altar of Elyvilon.
  2419 | D:3      | Found a shattered altar of Ashenzari.
  2713 | D:4      | Reached skill level 1 in Dodging
  2832 | D:4      | Noticed Robin
  2848 | D:4      | Killed Robin
  2952 | D:4      | Noticed an ogre
  2960 | D:4      | Got a jewelled dagger
  3001 | D:5      | Entered Level 5 of the Dungeon
  3005 | D:4      | Slain by an ogre

Skill      XL: |  1  2  3  4  5 |
---------------+----------------+-----
Shields        | 4 5 |  5.4
Armour         | 4 |  4.8
Fighting       | 4 |  4.1
Axes           | 3 4 |  4.6
Dodging        | 1 |  1.0

Action                   |  1- 3 |  4- 6 || total
-------------------------+-------+-------++-------
Melee: War axe           |    75 |   231 ||   306
       Headbutt          |    10 |    74 ||    84
  Eat: Chunk             |       |     4 ||     4
       Ration            |       |     1 ||     1
Armor: Scale mail        |    61 |    23 ||    84
       Chain mail        |       |    38 ||    38
Dodge: Dodged            |    37 |    33 ||    70
Block: Shield            |    58 |    72 ||   130
